 Dungeon Crawl Stone Soup version 0.28-a0-224-g76b539d98b (webtiles) character file.

Game seed: 4593844490826500009

1353 timneilson the Shield-Bearer (level 8, -1/49 HPs)
             Began as a Gargoyle Fighter on Aug 22, 2021.
             Slain by a killer bee (7 damage)
             ... on level 5 of the Dungeon.
             The game lasted 00:07:53 (5973 turns).

timneilson the Shield-Bearer (Gargoyle Fighter)     Turns: 5973, Time: 00:07:54

Health: -1/49      AC: 19    Str: 22 (23) XL:     8   Next: 63%
Magic:  8/8        EV:  6    Int:  6 (8)  God:
Gold:   256        SH:  9    Dex:  8 (9)  Spells: 7/7 levels left

rFire   + . .      SeeInvis .   a - +0 long sword
rCold   + + .      Faith    .   c - +0 kite shield
rNeg    + + .      Spirit   .   m - +3 chain mail {rC+}
rPois   ∞          Reflect  .   (no helmet)
rElec   +          Harm     .   (no cloak)
rCorr   +          Rampage  .   (no gloves)
Will    +....                   (no boots)
Stlth   ..........              (no amulet)
HPRegen 0.16/turn               e - ring of positive energy
MPRegen 0.11/turn               g - ring of willpower

@: mighty, resistant
A: sickness immunity, AC +5, negative energy resistance 1, electricity
resistance, torment resistance 1, petrification resistance
a: no special abilities


You were on level 5 of the Dungeon.
You visited 1 branch of the dungeon, and saw 5 of its levels.

You collected 256 gold pieces.

Inventory:

Hand Weapons
 a - a +0 long sword (weapon)
Armour
 c - a +0 kite shield (worn)
 m - a +3 chain mail of cold resistance (worn)
Jewellery
 b - a ring of positive energy
 e - a ring of positive energy (left hand)
 g - a ring of willpower (right hand)
Scrolls
 d - a scroll of magic mapping
 j - 2 scrolls of teleportation
Potions
 f - a potion of mutation
 l - a potion of flight
 n - 2 potions of resistance
 o - a potion of brilliance
 s - a potion of might


   Skills:
 + Level 5.3 Fighting
 * Level 5.2 Long Blades
 * Level 6.8 Armour
 * Level 6.9 Shields


You had 7 spell levels left.
You didn't know any spells.
Your spell library contained the following spells:

 Spells                   Type           Power      Damage    Failure   Level
 Summon Small Mammal      Summ           0%         N/A       100%        1
 Call Canine Familiar     Summ           0%         N/A       100%        3
 Dazzling Flash           Conj/Hex       0%         N/A       100%        3
 Summon Guardian Golem    Hex/Summ       0%         N/A       100%        3
 Agony                    Necr           0%         N/A       100%        5
 Silence                  Hex/Air        0%         N/A       100%        5


Dungeon Overview and Level Annotations

Branches:
Dungeon (5/15)
 Temple: D:4-7

Altars:
Cheibriados
Dithmenos
Hepliaklqana
Qazlal
Uskayaw
Wu Jian
Xom

Shops:
D:4 (


Innate Abilities, Weirdness & Mutations

You are immune to sickness and miasma.
Your stone body is resilient. (AC +5)
You are immune to poison.
You resist negative energy. (rN+)
You are resistant to electric shocks. (rElec)
You are resistant to unholy torment.
You are immune to petrification.


Message History

The killer bee closely misses you.
You riposte.
You closely miss the killer bee.
The killer bee is moderately wounded.
The killer bee stings you.
* * * LOW HITPOINT WARNING * * *
You feel very mighty all of a sudden.
The killer bee stings you but does no damage.
The killer bee closely misses you.
You closely miss the killer bee.
The killer bee is moderately wounded.
You block the killer bee's attack.
The killer bee stings you but does no damage.
You block the killer bee's attack.
You miss the killer bee.
The killer bee is moderately wounded.
You block the killer bee's attack. The killer bee stings you.
* * * LOW HITPOINT WARNING * * *
You block the killer bee's attack.
You miss the killer bee.
The killer bee is moderately wounded.
The killer bee stings you but does no damage. x2
You slash the killer bee!
You kill the killer bee!
The killer bee stings you but does no damage.
The killer bee stings you.
* * * LOW HITPOINT WARNING * * *
You slash the killer bee!
The killer bee is almost dead.
The killer bee stings you but does no damage.
You block the killer bee's attack.
You closely miss the killer bee.
The killer bee is almost dead.
You block the killer bee's attack. The killer bee barely misses you.
The killer bee stings you but does no damage.
You closely miss the killer bee.
The killer bee is almost dead.
The killer bee barely misses you.
You riposte.
You barely miss the killer bee.
The killer bee is almost dead.
The killer bee stings you!
You die...

#...#.....#.....##......###.....#
..........#.....####+######.....#
_..._.....#.....#..."............
.......####.....##...............
..8....####.....##...............
........#.......#................
_..._...#.......##.......##......
........'.......##.......##......
........#.......@y.......#......#
...#...##..##...##.......##.....#
##################.......##.....#
#.[......#......#
#........#......#
#........#......# ##.##....# #
#.# ....#


You could see a killer bee.

Vanquished Creatures
  An ice beast (D:5)
  A sky beast (D:5)
  A black bear (D:5)
  4 ogres
  A phantom (D:4)
  A scorpion (D:5)
  4 killer bees (D:5)
  A centaur zombie (D:5)
  A jelly (D:5)
  2 hounds
  An orc priest (D:5)
  A centaur skeleton (D:4)
  Terence (D:2)
  An iguana (D:5)
  An orc wizard (D:5)
  A hound skeleton (D:4)
  4 gnolls
  3 adders
  An adder skeleton (D:4)
  2 worms
  3 dart slugs
  4 orcs
  6 bats
  4 endoplasms
  3 giant cockroaches
  9 goblins
  6 hobgoblins
  9 jackals
  5 quokkas
  10 ball pythons
  A frilled lizard (D:1)
  4 kobolds
  5 rats
102 creatures vanquished.

Notes
Turn   | Place    | Note
-------+----------+-------------------------------------------
     0 | D:1      | timneilson the Gargoyle Fighter began the quest for the
                  | Orb.
     0 | D:1      | Reached XP level 1. HP: 14/14 MP: 1/1
   106 | D:1      | Reached XP level 2. HP: 15/19 MP: 2/2
   668 | D:1      | Found a faded altar of an unknown god.
   672 | D:1      | Reached XP level 3. HP: 23/23 MP: 3/3
  1461 | D:2      | Noticed Terence
  1473 | D:2      | Killed Terence
  1474 | D:2      | Reached XP level 4. HP: 5/28 MP: 4/4
  2959 | D:3      | Reached XP level 5. HP: 18/33 MP: 5/5
  3272 | D:3      | Found a hazy altar of Hepliaklqana.
  3272 | D:3      | Found a shadowy altar of Dithmenos.
  3274 | D:3      | Noticed a shadow
  3523 | D:4      | Found Conwuagaco's Antique Weapon Emporium.
  3528 | D:4      | Noticed an ogre
  3536 | D:4      | Killed an ogre
  3537 | D:4      | Reached XP level 6. HP: 4/38 MP: 6/6
  3822 | D:4      | Found a stormy altar of Qazlal.
  3916 | D:4      | Reached skill level 5 in Armour
  3916 | D:4      | Reached skill level 5 in Shields
  4123 | D:4      | Reached XP level 7. HP: 22/43 MP: 7/7
  4684 | D:5      | Entered Level 5 of the Dungeon
  4960 | D:5      | Found an ornate altar of the Wu Jian Council.
  4960 | D:5      | Found a hide-covered altar of Uskayaw.
  4960 | D:5      | Found a shimmering altar of Xom.
  4961 | D:5      | Found a snail-covered altar of Cheibriados.
  5219 | D:5      | Reached XP level 8. HP: 31/48 MP: 8/8
  5357 | D:5      | Reached skill level 5 in Fighting
  5573 | D:5      | Reached skill level 5 in Long Blades
  5973 | D:5      | Slain by a killer bee

Illustrated notes

Levels and vault maps discovered:
D:1:      dpeg_arrival_boxes_within_box, layout_basic,
          shapermc_ecumenical_altar_totnotflames, chequers_decorated_corner,
          st_stairs_1, lemuel_another_geyser
D:2:      layout_basic, uniq_terence
D:3:      layout_basic, riverfiend_overflow_shadow_ancestor, minmay_box_of_dots
D:4:      layout_basic, amcnicky_altar_gilded, serial_shops, shop,
          serial_park_tiny_2
D:5:      layout_gridville, grunt_temple_overflow_open, kennysheep_boxes

Skill      XL: |  1  2  3  4  5  6  7  8 |
---------------+-------------------------+-----
Long Blades    | 2 3 4 5 |  5.2
Armour         | 4 5 6 |  6.8
Shields        | 4 5 6 |  6.9
Fighting       | 4 5 |  5.3

Action                   |  1- 3 |  4- 6 |  7- 9 || total
-------------------------+-------+-------+-------++-------
Melee: Long sword        |    83 |   192 |   212 ||   487
  Use: Scroll            |       |     2 |     6 ||     8
       Potion            |       |     4 |     6 ||    10
Armor: Scale mail        |    42 |       |       ||    42
       Chain mail        |       |   169 |   203 ||   372
Dodge: Dodged            |    34 |    49 |    88 ||   171
Block: Kite shield       |    42 |   109 |   146 ||   297
       Rpst.: Long sword |    12 |    14 |    26 ||    52

Table legend: (Time is in decaauts)
 A = Elapsed time spent in this place.
 B = Non-inter-level travel time spent in this place.
 C = Inter-level travel time spent in this place.
 D = Time resting spent in this place.
 E = Time spent auto-exploring this place.
 F = Levels seen in this place.
 G = Mean time per level.
                   A        B        C        D        E       F      G
               +--------+--------+--------+--------+--------+-----+--------+
         Total |   6208 |   6037 |    171 |    200 |   4614 |   5 | 1241.6 |
       Dungeon |   6208 |   6037 |    171 |    200 |   4614 |   5 | 1241.6 |
               +--------+--------+--------+--------+--------+-----+--------+

Top non-repeatable levels by time:
     D:2: 1715 daAuts
     D:5: 1375 daAuts
     D:4: 1231 daAuts
     D:3: 946 daAuts
     D:1: 938 daAuts
